 Dungeon Crawl Stone Soup version 0.30-a0-576-g89cddaab80 (webtiles) character file.

Game seed: 5134481030345731580

16 M4edhros the Charlatan (level 2, 0/18 HPs)
             Began as an Octopode Artificer on Dec 30, 2022.
             Slain by a black bear (6 damage)
             ... on level 3 of the Dungeon.
             The game lasted 00:00:43 (219 turns).

M4edhros the Charlatan (Octopode Artificer)          Turns: 219, Time: 00:00:44

Health: 0/18       AC:  1    Str: 11    XL:     2   Next: 58%
Magic:  2/2        EV: 13    Int: 13    God:
Gold:   17         SH:  0    Dex: 12    Spells: 1/1 levels left

rFire   . . .      SeeInvis .      - Unarmed
rCold   . . .      Faith    .    (no shield)
rNeg    . . .      Spirit   .    (helmet restricted)
rPois   .          Reflect  .    (no amulet)
rElec   .          Harm     .    (no ring)
rCorr   .          Rampage  .    (no ring)
Will    .....                    (no ring)
Stlth   +++                      (no ring)
HPRegen 0.23/turn                (no ring)
MPRegen 0.08/turn                (no ring)
                                 (no ring)
                                 (no ring)

@: no status effects
A: almost no armour, amphibious, 8 rings, camouflage 1, gelatinous body 1,
(nimble swimmer 1), tentacles
a: no special abilities


You were on level 3 of the Dungeon.
You visited 1 branch of the dungeon, and saw 3 of its levels.

You collected 17 gold pieces.

Inventory:

Wands
 b - a wand of flame (8) (quivered)
 c - a wand of charming (15)
 d - a wand of iceblast (5)
Scrolls
 e - a scroll of enchant weapon {unknown}
Potions
 a - a potion of curing {unknown}


   Skills:
 + Level 1.2 Fighting
 + Level 2.5 Dodging
 + Level 1.8 Stealth
 * Level 1.1 Unarmed Combat
 + Level 3.4 Evocations


You had one spell level left.
You didn't know any spells.
Your spell library was empty.

Dungeon Overview and Level Annotations

Branches:
Dungeon (3/15)

Altars:


Innate Abilities, Weirdness & Mutations

You cannot wear most types of armour.
You are amphibious.
You can wear up to eight rings at the same time.
Your skin changes colour to match your surroundings (Stealth+).
Your rubbery body absorbs attacks. (AC +1, EV +1)
((You are camouflaged when in or above water. (Stealth+)))
You have tentacles for arms and can constrict up to eight enemies at once.


Message History

The black bear is moderately wounded.
The black bear growls angrily.
Aiming: Throw Flame
Press: ? - help, Shift-Dir - straight line, f/p - black bear
Aim: a black bear (moderately wounded, 79% to hit)
The puff of flame hits the black bear.
The black bear is heavily wounded.
Aiming: Throw Flame
Press: ? - help, Shift-Dir - straight line, f/p - black bear
Aim: a black bear (heavily wounded, 79% to hit)
The puff of flame misses the black bear.
Aiming: Throw Flame
Press: ? - help, Shift-Dir - straight line, f/p - black bear
Aim: a black bear (heavily wounded, 79% to hit)
The puff of flame hits the black bear.
The black bear is heavily wounded.
Aiming: Throw Flame
Press: ? - help, Shift-Dir - straight line, f/p - black bear
Aim: a black bear (heavily wounded, 79% to hit)
The puff of flame hits the black bear.
The black bear is severely wounded.
A frilled lizard comes into view.
You don't have any such object.
Evoke which item? (* to show all) (? for menu, Esc to quit)
Aiming: Throw Flame
Press: ? - help, Shift-Dir - straight line, f/p - black bear
Aim: a black bear (severely wounded, 79% to hit)
The puff of flame hits the black bear.
The black bear is severely wounded.
The frilled lizard hisses angrily.
The black bear goes berserk!
Aiming: Throw Flame
Press: ? - help, Shift-Dir - straight line, f/p - black bear
Aim: a black bear (severely wounded, berserk, 79% to hit)
The puff of flame hits the black bear.
The black bear is almost dead.
The black bear bites you!
Ouch! That really hurt!
The black bear claws you.
You die...

..#..[.....
.....:.....
######..........
........l.......
#............
#.........
#.........
#.h...>...
#.@..?....
#...<.....
##########


You could see a black bear (berserk) and a frilled lizard.

Vanquished Creatures
  A dart slug (D:3)
  3 bats
  2 endoplasms
  A quokka (D:1)
  2 ball pythons (D:1)
  A frilled lizard (D:2)
  4 rats
14 creatures vanquished.

Notes
Turn   | Place    | Note
-------+----------+-------------------------------------------
     0 | D:1      | M4edhros the Octopode Artificer began the quest for the
                  | Orb.
     0 | D:1      | Reached XP level 1. HP: 13/13 MP: 1/1
    78 | D:2      | Reached XP level 2. HP: 18/18 MP: 2/2
   186 | D:3      | Reached skill level 1 in Unarmed Combat
   200 | D:3      | Noticed a black bear
   219 | D:3      | Slain by a black bear

Illustrated notes

Levels and vault maps discovered:
D:1:      lightli_arrival_statue_moat, layout_rooms, serial_curves,
          eino_curves_03, eino_curves_02, eino_curves_04, nicolae_eternal_life
D:2:      layout_loops_cross, hellmonk_ecumenical_altar_slurped_away,
          hangedman_glass_teeth
D:3:      layout_rooms, nicolae_hepliaklqana_monster_ancestors, serial_shops,
          nicolae_shop_competitors_out_of_business, uniq_terence

Skill      XL: |  1  2 |
---------------+-------+-----
Unarmed Combat | 1 |  1.1
Fighting       | |  1.2
Dodging        | |  2.5
Stealth        | |  1.8
Evocations     | |  3.4

Action                   || total
-------------------------++-------
Melee: Unarmed           ||    26
       Constrict         ||     9
       Tentacles         ||     7
       Punch             ||     3
Evoke: Wand              ||     7
 Stab: Sleeping          ||     4
Armor: Skin              ||     3
Dodge: Dodged            ||    16

Table legend: (Time is in decaauts)
 A = Elapsed time spent in this place.
 B = Non-inter-level travel time spent in this place.
 C = Inter-level travel time spent in this place.
 D = Time resting spent in this place.
 E = Time spent auto-exploring this place.
 F = Levels seen in this place.
 G = Mean time per level.
                   A        B        C        D        E       F      G
               +--------+--------+--------+--------+--------+-----+--------+
         Total |    218 |    189 |     29 |      0 |     88 |   3 |   72.7 |
       Dungeon |    218 |    189 |     29 |      0 |     88 |   3 |   72.7 |
               +--------+--------+--------+--------+--------+-----+--------+

Top non-repeatable levels by time:
     D:2: 130 daAuts
     D:1: 51 daAuts
     D:3: 36 daAuts
